 Dungeon Crawl Stone Soup version 0.22.0-40-g68aacdc (webtiles) character file.

47 shmeve the Skirmisher (level 3, -7/33 HPs)
             Began as a Draconian Berserker on Sept 1, 2018.
             Was a Believer of Trog.
             Mangled by Sigmund
             ... wielding a +0 scythe
              (15 damage)
             ... on level 2 of the Dungeon.
             The game lasted 00:02:36 (908 turns).

shmeve the Skirmisher (Draconian Berserker)          Turns: 908, Time: 00:02:37

Health: -7/33      AC:  5    Str: 20    XL:     3   Next: 48%
Magic:  3/3        EV: 13    Int:  7    God:    Trog [**....]
Gold:   44         SH:  0    Dex: 10    Spells: 2/2 levels left

rFire    . . .     SeeInvis .   a - +0 hand axe
rCold    . . .     Gourm    .   (no shield)
rNeg     . . .     Faith    .   (armour unavailable)
rPois    .         Spirit   .   (helmet restricted)
rElec    .         Reflect  .   (no cloak)
rCorr    .         Harm     .   (no gloves)
MR       ++...                  (no boots)
Stlth    +.........             (no amulet)
HPRegen  1.11/turn              (no ring)
MPRegen  0.08/turn              (no ring)

@: regenerating
A: unfitting armour, cold-blooded, AC +5
a: Berserk, Trog's Hand, Renounce Religion


You were on level 2 of the Dungeon.
You worshipped Trog.
Trog was pleased with you.
You were not hungry.

You visited 1 branch of the dungeon, and saw 2 of its levels.

You collected 44 gold pieces.

Inventory:

Hand Weapons
 a - a +0 hand axe (weapon)
Scrolls
 c - 2 scrolls of remove curse {unknown}
 e - 2 scrolls of identify {unknown}
 f - a scroll of enchant armour {unknown}
 g - a scroll of random uselessness {unknown}
Potions
 h - 2 potions of curing {unknown}
 i - a potion of agility {unknown}
Comestibles
 b - a ration
 d - 7 chunks of flesh


   Skills:
 * Level 3.8 Fighting
 * Level 3.5 Axes
 * Level 3.2 Dodging
 + Level 1.0 Stealth


You had 2 spell levels left.
You didn't know any spells.
Your spell library was empty.

Dungeon Overview and Level Annotations

Branches:
Dungeon (2/15)

Altars:

Annotations:
D:2 Sigmund


Innate Abilities, Weirdness & Mutations

Your plain brown scales are hard. (AC +5)
You cannot fit into any form of body armour.
You are cold-blooded and may be slowed by cold attacks.


Message History

You start resting.
The hobgoblin is too close now for your liking.
A hobgoblin is nearby!
The hobgoblin shouts!
You hear an angry hiss.
An adder comes into view.
Sigmund the Dreaded comes into view.
He is wielding a scythe.
The hobgoblin closely misses you.
The adder moves out of view.
You closely miss the hobgoblin.
Your tail-slap misses the hobgoblin.
Sigmund misses you. The hobgoblin misses you.
You hit the hobgoblin but do no damage. The hobgoblin misses you.
Sigmund hits you from afar with a scythe.
* * * LOW HITPOINT WARNING * * *
You hit the hobgoblin.
The hobgoblin is heavily wounded.
The hobgoblin hits you but does no damage.
Your skin crawls.
You feel resistant to hostile enchantments.
You feel somewhat more hungry.
Sigmund hits you from afar with a scythe!
You die...

..#####.## .#### .. #.. ..
....## #. #.# ##. <....#
#.## #.#.# .. .##..# #..#
#.#.#... ..#..####.##
#.#.#..
..#........###.#.@..
..#......#......g#
.........#......@#
#........#....)..#
#....#####.#.....####.####
#....# #.#...รท..)(..)...
#....# #........#....#..
#.... ##............# #...
#.......#.#.##
#.##.##.#.#.# #! #.#....#
#


You could see Sigmund and a hobgoblin.

Vanquished Creatures
  An adder (D:2)
  2 dart slugs
  4 leopard geckos
  A giant cockroach (D:1)
  3 goblins
  2 hobgoblins
  6 jackals
  A kobold (D:1)
  4 bats
  3 rats
27 creatures vanquished.

Notes
Turn   | Place    | Note
-------+----------+-------------------------------------------
     0 | D:1      | shmeve the Draconian Berserker began the quest for the Orb.
     0 | D:1      | Reached XP level 1. HP: 19/19 MP: 1/1
   335 | D:1      | Reached XP level 2. HP: 26/26 MP: 2/2
   833 | D:2      | Reached XP level 3. HP: 33/33 MP: 3/3
   838 | D:2      | Reached ** piety under Trog
   841 | D:2      | Reached skill level 1 in Stealth
   904 | D:2      | Noticed Sigmund
   908 | D:2      | Mangled by Sigmund

Skill      XL: |  1  2  3 |
---------------+----------+-----
Dodging        | 3 |  3.2
Stealth        | 1 |  1.0
Fighting       | |  3.8
Axes           | |  3.5

Action                   || total
-------------------------++-------
Melee: Hand axe          ||    69
       Tailslap          ||     6
Invok: Berserk           ||     1
       Trog's Hand       ||     1
  Eat: Chunk             ||     1
Armor: Skin              ||    30
Dodge: Dodged            ||    72
